Map: Ulrena

Players

Solipsis

  • Race: Terran Terran
  • League: Silver

AceOne - Winner!

  • Race: Protoss Protoss
  • League: Diamond

VOD

Have the link to the VOD?

Description

Time

  • Played on: Dec. 6, 2015, 2:25 a.m.
  • Length: 7:10
Show
View Real Time Build Order
Export as new Build Order

Solipsis Terran 

Build Orders:  

Get SALT Encoding   

  12  0:02  SCV  
  13  0:14  SCV  
  13  0:19  Supply Depot  
  14  0:22  Supply Depot  
  14  0:27  SCV  
  15  0:43  SCV  
  15  0:45  Barracks  
  15  0:49  Refinery  
  16  0:57  Refinery  
  16  0:58  SCV  
  17  1:27  SCV  
  18  1:34  Supply Depot, Marine  
  19  1:44  SCV  
  20  2:05  Marine  
  20  2:06  Command Center  
  20  2:31  Marine  
  20  2:33  SCV  
  20  2:36  Supply Depot  
  22  2:43  Factory  
  22  2:58  Barracks Reactor  
  22  3:02  Orbital Command  
  22  3:17  Supply Depot  
  21  3:34  Orbital Command  
  21  3:36  SCV  
  22  3:45  Marine  
  22  3:47  Marine  
  22  3:48  SCV  
  25  3:50  Factory Reactor  
  25  4:00  SCV  
  26  4:03  Bunker, Marine  
  26  4:07  Marine  
  28  4:16  SCV x2  
  30  4:22  Marine  
  31  4:24  Marine  
  31  4:28  SCV  
  31  4:30  Widow Mine x2  
  37  4:40  Marine  
  37  4:42  Marine  
  39  4:50  Barracks  
  39  4:57  Starport  
  39  5:01  Engineering Bay  
  38  5:07  Engineering Bay  
  33  5:19  Marine x2  
  33  5:20  Widow Mine  
  33  5:21  Widow Mine  
  23  5:48  Marine  
  18  6:24  Marine x2  
Show
View Real Time Build Order
Export as new Build Order

AceOne Protoss - Winner!

Build Orders: 1 Gate Expand 

Get SALT Encoding   

  12  0:01  Probe (Chrono Boost)  
  13  0:11  Probe (Chrono Boost)  
  14  0:20  Pylon  
  14  0:28  Probe (Chrono Boost)  
  15  0:38  Probe (Chrono Boost)  
  15  0:42  Gateway  
  16  0:49  Probe (Chrono Boost)  
  17  0:56  Assimilator  
  17  0:59  Probe (Chrono Boost)  
  18  1:10  Probe (Chrono Boost)  
  19  1:25  Nexus  
  19  1:36  Cybernetics Core  
  19  1:40  Probe (Chrono Boost)  
  20  1:50  Probe (Chrono Boost)  
  21  1:56  Assimilator  
  21  2:01  Probe (Chrono Boost)  
  21  2:05  Pylon  
  21  2:12  Probe (Chrono Boost)  
  22  2:31  Adept  
  22  2:34  Gateway  
  24  2:37  Robotics Facility  
  24  2:40  Gateway  
  24  2:43  Probe (Chrono Boost)  
  25  2:45  Probe (Chrono Boost)  
  25  2:49  Warp Gate (Chrono Boost)  
  26  2:58  Adept  
  26  2:59  Probe  
  26  3:04  Probe  
  30  3:11  Probe  
  31  3:14  Probe  
  32  3:30  Probe  
  32  3:33  Warp Prism  
  35  3:41  Gateway, Probe  
  35  3:46  Gateway  
  36  3:50  Pylon  
  36  3:53  Mothership Core  
  37  3:57  Probe  
  39  4:05  Pylon  
  39  4:13  Probe  
  40  4:23  Pylon  
  40  4:35  Observer  
  41  4:38  Adept x2  
  41  4:39  Adept x2  
  41  4:41  Probe  
  41  4:42  Adept  
  52  4:48  Probe  
  52  4:51  Probe  
  54  5:02  Probe  
  55  5:12  Probe  
  56  5:23  Probe  
  56  5:27  Stalker x4  
  56  5:28  Stalker  
  65  5:55  Stalker  
  65  5:56  Stalker x2  
  67  6:30  Stalker x2  
  69  6:37  Pylon  
  69  6:39  Pylon  
  69  6:40  Assimilator  
  69  6:41  Probe  
  69  6:43  Assimilator  
  69  6:47  Nexus, Pylon  
  70  6:48  Pylon  
  70  6:50  Pylon  
  70  6:55  Probe  
Tags
 
Add a new tag
Caveats
  • Supply blocks, unpowered buildings, or Contaminate may cause inaccurate times.
  • Supply counts are checked every 10 seconds.